 Dungeon Crawl Stone Soup version 0.30.0-5-g1a98f26d00 (webtiles) character file.

Game seed: 7746485978368903060

22 Esekla the Grave Robber (level 2, -1/25 HPs)
             Began as a Naga Necromancer on May 11, 2023.
             Was a Follower of Lugonu.
             Slain by an adder (4 damage)
             ... on level 2 of the Dungeon.
             The game lasted 00:06:24 (1101 turns).

Esekla the Grave Robber (Naga Necromancer)          Turns: 1101, Time: 00:06:25

Health: -1/25      AC:  2    Str: 10    XL:     2   Next: 91%
Magic:  5/5        EV: 10    Int: 15    God:    Lugonu [*.....]
Gold:   107        SH:  0    Dex: 11    Spells: 4/5 levels left

rFire   . . .        i - +0 dagger
rCold   . . .        (no shield)
rNeg    . . .        a - +1 robe
rPois   +            (no helmet)
rElec   .            (no cloak)
rCorr   +            (no gloves)
SInv    +            (no barding)
Will    .....        (no amulet)
Stlth   ++           e - ring of resist corrosion
HPRegen 0.24/turn    (no ring)
MPRegen 0.09/turn

%: no passive effects
@: very slow
A: AC +0, large, see invisible, deformed body, poison resistance, slowness 2,
spit poison 1, naga tail 1
a: Spit Poison, Renounce Religion, Depart the Abyss


You were on level 2 of the Dungeon.
You worshipped Lugonu.
Lugonu was aware of your devotion.
You visited 1 branch of the dungeon, and saw 2 of its levels.

You collected 107 gold pieces.

Inventory:

Hand Weapons
 i - a +0 dagger (weapon)
Armour
 a - a +1 robe (worn)
Jewellery
 e - a ring of resist corrosion (left hand)
Scrolls
 c - a scroll of identify {unknown}
 j - a scroll of fear {unknown}
Potions
 b - 2 potions of magic
 f - a potion of lignification {unknown}
 g - a potion of curing {unknown}


   Skills:
 * Level 1.0 Fighting
 + Level 1.8 Dodging
 + Level 3.1 Stealth
 * Level 2.0 Spellcasting
 + Level 4.3 Necromancy
 * Level 0.4 Invocations


You had 4 spell levels left.
You knew the following spells:

 Your Spells              Type           Power      Damage    Failure   Level
a - Necrotise             Necr           56%        1d6       3%          1

Your spell library contained the following spells:

 Spells                   Type           Power      Damage    Failure   Level
 Vampiric Draining        Necr           14%        2d7       11%         3
 Animate Dead             Necr           14%        N/A       36%         4
 Agony                    Necr           14%        N/A       71%         5


Dungeon Overview and Level Annotations

Branches:
Dungeon (2/15)

Altars:
Lugonu


Innate Abilities, Weirdness & Mutations

Your serpentine skin is tough. (AC +0)
You have supernaturally acute eyesight. (SInv)
Armour fits poorly on your strangely shaped body.
Your system is resistant to poisons. (rPois)
You cover ground very slowly.
You can spit poison.
You have a snake-like lower body.


Message History

You see here 15 gold pieces.
You now have 101 gold pieces (gained 15).
You hit the rat.
The rat is moderately wounded.
The rat misses you.
You hit the rat.
You kill the rat!
Lugonu accepts your kill. 2 gnolls come into view.
An adder comes into view.
The gnoll moves out of view.
A dart slug and a gnoll come into view.
You see here 6 gold pieces.
You now have 107 gold pieces (gained 6).
The gnoll hits you with a +0 club.
Okay, then.
The gnoll barely misses you.
The adder hisses angrily.
The gnoll hits you with a +0 club. The adder bites you but does no damage.
The adder bites you. The adder attacks as you move away! The adder bites you.
You are poisoned.
The adder poisons you!
You feel sick.
The gnoll shouts!
The adder bites you.
A gnoll comes into view. It is wielding a +0 halberd.
As you read the scroll labelled YWKAGRA NEHEP, it crumbles to dust.
It is a scroll of enchant armour.
Your +0 robe glows green for a moment.
You feel sick. The adder bites you.
* * * LOW HITPOINT WARNING * * *
The gnoll barely misses you.
You feel sick.
You are no longer poisoned.
The adder misses you.
Okay, then.
As you read the scroll labelled BYNOOWN HAZEME, it crumbles to dust.
You feel aware of your surroundings.
You sensed 1 altar.
It was a scroll of magic mapping.
The gnoll shouts!
The adder bites you.
You die...

***,...................##..,,,,,*
# **#......................,,,,,*
### #..................#..,,,,,,*
..###.........##.........*,******
...##.........##......#***,*
>.............##......# *,,*
.<..###..........g...#* *,**
...............S###.g## *,*
.)....#.####....@.g...#**,* ***
........###.............,,* *,,
......................w.#******,,
.....#...#...........<....,,,**,,
.....[...#..............###*,,,,,
....#....#..............# ****,,
....##...#..............* *,,
..†.##....#....>.......#* *,,
....##.....#>.........,* *,,


You could see 2 gnolls, an adder and a dart slug (wandering).

Vanquished Creatures
  A dart slug (D:1)
  2 bats
  4 giant cockroaches (D:1)
  A goblin (D:1)
  2 hobgoblins (D:1)
  A ball python (D:1)
  3 frilled lizards
  3 kobolds (D:1)
  2 rats
19 creatures vanquished.

Notes
Turn   | Place    | Note
-------+----------+-------------------------------------------
     0 | D:1      | Esekla the Naga Necromancer began the quest for the Orb.
     0 | D:1      | Reached XP level 1. HP: 15/15 MP: 3/3
   200 | D:1      | Found a faded altar of an unknown god.
   215 | D:1      | Prayed at the altar of an unknown god.
   215 | D:1      | Became a worshipper of Lugonu the Unformed
   215 | D:1      | Reached * piety under Lugonu
   366 | D:1      | Reached XP level 2. HP: 24/24 MP: 5/5
   774 | D:1      | Reached skill level 1 in Fighting
  1101 | D:2      | Slain by an adder

Illustrated notes

Levels and vault maps discovered:
D:1:      giann_bridges, layout_basic, ebering_ecumenical_altar_hall,
          chequers_jeans, minmay_misc_feat_tower
D:2:      layout_rooms, basic_altar, uniq_jessica

Skill      XL: |  1  2 |
---------------+-------+-----
Fighting       | 1 |  1.0
Dodging        | |  1.8
Stealth        | |  3.1
Spellcasting   | |  2.0
Necromancy     | |  4.3
Invocations    | |  0.4

Action                     || total
---------------------------++-------
  Melee: Unarmed           ||    15
         Short sword       ||    11
         Punch             ||     1
         Dagger            ||    50
Ability: Spit Poison       ||    13
    Use: Scroll            ||     2
   Stab: Sleeping          ||     3
 Armour: Robe              ||     9
  Dodge: Dodged            ||    37
